 Dungeon Crawl Stone Soup version 0.26-a0-854-gdc81c2f471 (console) character file.

Game seed: 9499607101962460093

169 Ignak the Sneak (level 5, -3/37 HPs)
             Began as a Gnoll Enchanter on Nov 23, 2020.
             Killed by nerve-wracking pain
             ... invoked by an orc priest
              (14 damage)
             ... on level 3 of the Dungeon.
             The game lasted 00:07:30 (2240 turns).

Ignak the Sneak (Gnoll Enchanter)                   Turns: 2240, Time: 00:07:31

Health: -3/37      AC:  9    Str: 11    XL:     5   Next: 50%
Magic:  9/12       EV: 14    Int: 17    God:
Gold:   110        SH:  0    Dex: 16    Spells: 11/14 levels left

rFire    . . .     SeeInvis .   z - +1 rapier (venom)
rCold    . . .     Faith    .   (no shield)
rNeg     . . .     Spirit   .   o - +0 leather armour
rPois    .         Reflect  .   (no helmet)
rElec    .         Harm     .   p - +0 cloak
rCorr    .         Rampage  .   s - +0 pair of gloves (curse)
MR       .....                  (no boots)
Stlth    ++++......             f - amulet of magic regeneration
HPRegen  0.12/turn              d - ring of stealth
MPRegen  0.38/turn              c - +4 ring of protection

@: no status effects
A: distributed training, fangs 1, strong nose
a: no special abilities


You were on level 3 of the Dungeon.
You visited 1 branch of the dungeon, and saw 3 of its levels.

You collected 110 gold pieces.

Inventory:

Hand Weapons
 z - a +1 rapier of venom (weapon)
Armour
 o - a +0 leather armour (worn)
 p - a +0 cloak (worn)
 s - a cursed +0 pair of gloves (worn)
Jewellery
 c - a +4 ring of protection (right hand)
 d - a ring of stealth (left hand)
 f - an amulet of magic regeneration (around neck)
 r - an uncursed ring of poison resistance {unknown}
 y - an uncursed ring of protection from cold {unknown}
Scrolls
 a - a scroll of immolation {unknown}
 b - a scroll of remove curse {unknown}
 h - a scroll of blinking {unknown}
 k - a scroll of enchant weapon {unknown}
 l - 6 scrolls of identify {unknown}
Potions
 e - 2 potions of might {unknown}
 g - 2 potions of haste {unknown}
 i - 3 potions of lignification {unknown}
 j - a potion of ambrosia {unknown}
 m - a potion of heal wounds {unknown}
 n - a potion of mutation {unknown}
 q - a potion of degeneration {unknown}
 t - a potion of attraction {unknown}
 u - a potion of berserk rage {unknown}
 v - 2 potions of curing {unknown}
 w - a potion of magic {unknown}
 x - a potion of invisibility {unknown}


   Skills:
 + Level 1.5 Fighting
 + Level 3.0 Short Blades
 + Level 1.5 Long Blades
 + Level 1.5 Axes
 + Level 1.5 Maces & Flails
 + Level 1.5 Polearms
 + Level 1.5 Staves
 + Level 1.5 Slings
 + Level 1.5 Bows
 + Level 1.5 Crossbows
 + Level 1.5 Throwing
 + Level 1.5 Armour
 + Level 4.8 Dodging
 + Level 6.1 Stealth
 + Level 1.5 Shields
 + Level 1.5 Unarmed Combat
 + Level 5.2 Spellcasting
 + Level 1.2 Conjurations
 + Level 5.5 Hexes
 + Level 1.2 Summonings
 + Level 1.2 Necromancy
 + Level 1.2 Translocations
 + Level 1.2 Transmutations
 + Level 1.2 Fire Magic
 + Level 1.2 Ice Magic
 + Level 1.2 Air Magic
 + Level 1.2 Earth Magic
 + Level 1.2 Poison Magic
 + Level 1.7 Invocations
 + Level 1.5 Evocations


You had 11 spell levels left.
You knew the following spells:

 Your Spells              Type           Power        Failure   Level
a - Corona                Hex            ###....      1%          1
c - Ensorcelled Hibernat  Hex/Ice        ###...       7%          2

Your spell library contained the following spells:

 Spells                   Type           Power        Failure   Level
 Confusing Touch          Hex            ###.....     5%          3
 Tukima's Dance           Hex            ###.....     5%          3
 Dazzling Flash           Conj/Hex       ###...       14%         3


Dungeon Overview and Level Annotations

Branches:
Dungeon (3/15)

Altars:
Elyvilon

Annotations:
D:3 1 runed translucent door


Innate Abilities, Weirdness & Mutations

Your experience applies equally to all skills.
You have very sharp teeth.
Your uncanny sense of smell can sniff out nearby items.


Message History

The orc priest misses you.
The orc priest mumbles some strange prayers to Beogh against you.
Beogh smites you!
The orc priest invokes the aid of Beogh against you.
Beogh smites you!
* * * LOW HITPOINT WARNING * * *
Casting: Ensorcelled Hibernation (safe; 7% risk of failure)
Confirm with . or Enter, or press ? or * to list all spells.
Aiming: Ensorcelled Hibernation (safe; 7% risk of failure)
Press: ? - help, Shift-Dir - straight line, f/p - orc priest
Aim: an orc priest, wielding a +0 dagger and wearing a +0 scale mail (moderately wounded, very poisoned, chance to defeat MR: 46%)
The orc wizard looks drowsy...
The orc priest begins to cast a cantrip, but forgets the words!
The helpless orc wizard fails to defend itself.
You impale the orc wizard!!
You kill the orc wizard!
The rat closely misses you.
The orc priest calls down the wrath of Beogh upon you.
Pain shoots through your body!
You die...

.###.# . .....# #.
.##### ##.# ### ### ##
... #.. ..# # . #s#
....$#... # ##. #.##
#s#.#o# #.. ...r.#..o.o#
# #.# #.##.###)# .#
#####.###.# #.#r@###.#
....#.#.?.# #.....†.#
....#.#.#.####.....###
......?......).....# ##
............##.....# ..
###...#.##.###.....# .#
......#.##.# ####### .#
#
####..#.##)###########.#
. #
#...........#.......#.#


You could see a scorpion, 2 orc priests and a rat.

Vanquished Creatures
  Crazy Yiuf (D:2)
  An orc priest (D:3)
  Terence (D:2)
  2 orc wizards (D:3)
  2 adders
  A leopard gecko (D:3)
  4 orcs (D:3)
  4 bats
  2 giant cockroaches
  5 goblins
  3 hobgoblins (D:3)
  2 jackals (D:1)
  A quokka (D:2)
  3 frilled lizards
  5 kobolds
  8 rats (D:1)
  A bush (D:2)
46 creatures vanquished.

Vanquished Creatures (others)
  3 plants (D:2)
3 creatures vanquished.

Grand Total: 49 creatures vanquished

Notes
Turn   | Place    | Note
-------+----------+-------------------------------------------
     0 | D:1      | Ignak the Gnoll Enchanter began the quest for the Orb.
     0 | D:1      | Reached XP level 1. HP: 13/13 MP: 6/6
   287 | D:1      | Reached XP level 2. HP: 16/19 MP: 7/7
   290 | D:1      | Learned a level 2 spell: Ensorcelled Hibernation
   967 | D:2      | Found a runed translucent door.
   968 | D:2      | Noticed Crazy Yiuf
   975 | D:2      | Killed Crazy Yiuf
   976 | D:2      | Reached skill level 6 in Stealth
   976 | D:2      | Reached skill level 5 in Spellcasting
   976 | D:2      | Reached skill level 1 in Invocations
   976 | D:2      | Reached XP level 3. HP: 25/25 MP: 6/9
  1128 | D:2      | Reached skill level 1 in Fighting
  1128 | D:2      | Reached skill level 1 in Long Blades
  1128 | D:2      | Reached skill level 1 in Axes
  1128 | D:2      | Reached skill level 1 in Maces & Flails
  1128 | D:2      | Reached skill level 1 in Polearms
  1128 | D:2      | Reached skill level 1 in Staves
  1128 | D:2      | Reached skill level 1 in Slings
  1128 | D:2      | Reached skill level 1 in Bows
  1128 | D:2      | Reached skill level 1 in Crossbows
  1128 | D:2      | Reached skill level 1 in Throwing
  1128 | D:2      | Reached skill level 1 in Armour
  1128 | D:2      | Reached skill level 1 in Shields
  1128 | D:2      | Reached skill level 1 in Unarmed Combat
  1128 | D:2      | Reached skill level 1 in Evocations
  1128 | D:2      | Reached XP level 4. HP: 30/32 MP: 4/11
  1316 | D:2      | Found a white marble altar of Elyvilon.
  1342 | D:2      | Noticed Terence
  1348 | D:2      | Killed Terence
  1772 | D:3      | Reached skill level 1 in Conjurations
  1772 | D:3      | Reached skill level 1 in Summonings
  1772 | D:3      | Reached skill level 1 in Necromancy
  1772 | D:3      | Reached skill level 1 in Translocations
  1772 | D:3      | Reached skill level 1 in Transmutations
  1772 | D:3      | Reached skill level 1 in Fire Magic
  1772 | D:3      | Reached skill level 1 in Ice Magic
  1772 | D:3      | Reached skill level 1 in Air Magic
  1772 | D:3      | Reached skill level 1 in Earth Magic
  1772 | D:3      | Reached skill level 1 in Poison Magic
  1896 | D:3      | Found a runed translucent door.
  1917 | D:3      | Reached XP level 5. HP: 23/37 MP: 4/12
  2240 | D:3      | Killed from afar by an orc priest

Illustrated notes

Levels and vault maps discovered:
D:1:      dpeg_arrival_water_temple_mockup, layout_basic, serial_forest,
          infiniplex_forest_fountain, infiniplex_forest_lined_2,
          infiniplex_forest_zigzag_1, infiniplex_forest_zigzag_1,
          infiniplex_forest_clump_diagonal, infiniplex_forest_clump_curved,
          minmay_rat_gold_closets
D:2:      layout_loops_cross, lemuel_round_altar, serial_forest,
          infiniplex_forest_clump_curved, infiniplex_forest_end_2,
          infiniplex_forest_lined_ring, infiniplex_forest_end_1,
          infiniplex_forest_clump_double, infiniplex_forest_lined_room_,
          infiniplex_forest_straight_2, infiniplex_forest_fountain,
          uniq_crazy_yiuf_cottage, uniq_terence
D:3:      layout_loops_cross, chequers_temple_overflow_statue_of_worship,
          ebering_ghost_sewer_f

Skill      XL: |  1  2  3  4  5 |
---------------+----------------+-----
Stealth        | 6 |  6.1
Spellcasting   | 5 |  5.2
Invocations    | 1 |  1.7
Fighting       | 1 |  1.5
Long Blades    | 1 |  1.5
Axes           | 1 |  1.5
Maces & Flails | 1 |  1.5
Polearms       | 1 |  1.5
Staves         | 1 |  1.5
Slings         | 1 |  1.5
Bows           | 1 |  1.5
Crossbows      | 1 |  1.5
Throwing       | 1 |  1.5
Armour         | 1 |  1.5
Shields        | 1 |  1.5
Unarmed Combat | 1 |  1.5
Evocations     | 1 |  1.5
Conjurations   | 1 |  1.2
Summonings     | 1 |  1.2
Necromancy     | 1 |  1.2
Translocations | 1 |  1.2
Transmutations | 1 |  1.2
Fire Magic     | 1 |  1.2
Ice Magic      | 1 |  1.2
Air Magic      | 1 |  1.2
Earth Magic    | 1 |  1.2
Poison Magic   | 1 |  1.2
Short Blades   | 3 |  3.0
Dodging        | |  4.8
Hexes          | |  5.5

Action                   |  1- 3 |  4- 6 || total
-------------------------+-------+-------++-------
Melee: Dagger            |    38 |    19 ||    57
       Mace              |       |    93 ||    93
       Bite              |       |    20 ||    20
       Rapier            |       |    36 ||    36
 Cast: Corona            |     1 |       ||     1
       Ensorcelled Hiber |     9 |    15 ||    24
 Stab: Sleeping          |    17 |    10 ||    27
Armor: Robe              |     3 |     7 ||    10
       Leather armour    |       |     4 ||     4
Dodge: Dodged            |    19 |    35 ||    54

Table legend: (Time is in decaauts)
 A = Elapsed time spent in this place.
 B = Non-inter-level travel time spent in this place.
 C = Inter-level travel time spent in this place.
 D = Time resting spent in this place.
 E = Time spent auto-exploring this place.
 F = Levels seen in this place.
 G = Mean time per level.
                   A        B        C        D        E       F      G
               +--------+--------+--------+--------+--------+-----+--------+
         Total |   2261 |   2181 |     80 |    208 |   1083 |   3 |  753.7 |
       Dungeon |   2261 |   2181 |     80 |    208 |   1083 |   3 |  753.7 |
               +--------+--------+--------+--------+--------+-----+--------+

Top non-repeatable levels by time:
     D:2: 938 daAuts
     D:1: 845 daAuts
     D:3: 477 daAuts
